Map: Abyssal Reef LE

Players

Smurficide - Winner!

  • Race: Zerg Zerg
  • League: Master
  • Spawn Location: 5:00

SHAH

  • Race: Zerg Zerg
  • League: Master
  • Spawn Location: 11:00

VOD

Have the link to the VOD?

Description

Time

  • Played on: Aug. 19, 2017, 9:23 a.m.
  • Length: 5:44
Show
View Real Time Build Order
Export as new Build Order

Smurficide Zerg - Winner!

Build Orders: Pool First 

Get SALT Encoding   

  12  0:18  Spawning Pool  
  11  0:22  Drone  
  11  0:26  Drone  
  13  0:31  Drone  
  14  0:40  Overlord  
  14  1:05  Zergling x6  
  17  1:16  Zergling x2  
  18  1:20  Hatchery  
  17  1:27  Zergling x2  
  18  1:36  Queen  
  18  1:39  Zergling x2  
  21  1:50  Overlord  
  21  2:02  Extractor  
  20  2:09  Drone  
  20  2:11  Drone  
  20  2:13  Queen  
  24  2:25  Drone  
  25  2:34  Drone x2  
  27  2:46  Queen  
  27  2:47  Drone  
  27  2:48  Drone x2  
  32  2:57  Overlord  
  32  3:07  Metabolic Boost  
  32  3:12  Drone x3  
  35  3:16  Drone  
  35  3:19  Drone  
  37  3:27  Drone x2  
  38  3:33  Baneling Nest  
  38  3:42  Overlord  
  38  3:44  Zergling x6  
  41  3:56  Zergling x2  
  41  3:57  Zergling x4  
  44  4:07  Zergling x12  
  50  4:13  Overlord  
  50  4:28  Baneling x4  
  50  4:31  Zergling x14  
  49  5:00  Zergling x2  
  49  5:01  Zergling x2  
  49  5:02  Zergling x8  
  55  5:07  Baneling  
  55  5:08  Baneling x3  
  55  5:15  Zergling x8  
Show
View Real Time Build Order
Export as new Build Order

SHAH Zerg 

Build Orders: Pool First 

Get SALT Encoding   

  12  0:18  Spawning Pool  
  11  0:22  Drone  
  11  0:26  Drone  
  13  0:34  Drone  
  14  0:41  Overlord  
  14  1:04  Queen  
  14  1:06  Zergling x6  
  19  1:28  Hatchery  
  19  1:30  Drone  
  19  1:34  Drone  
  19  1:39  Drone  
  21  1:55  Queen  
  21  1:56  Extractor  
  21  2:00  Overlord  
  22  2:19  Zergling x8  
  22  2:20  Zergling x2  
  27  2:29  Zergling x2  
  28  2:39  Queen  
  30  2:52  Drone  
  30  2:53  Drone x3  
  34  2:59  Drone x2  
  36  3:10  Metabolic Boost  
  36  3:19  Overlord  
  36  3:37  Baneling Nest  
  35  3:46  Drone x8  
  43  3:56  Overlord  
  43  4:06  Overlord  
  43  4:22  Baneling x2  
  43  4:24  Hatchery  
  42  4:31  Drone  
  42  4:32  Drone x6  
  50  4:40  Hatchery  
  50  4:41  Drone x2  
  43  5:00  Zergling x2  
  43  5:01  Zergling x16  
  50  5:07  Zergling x2  
  50  5:11  Baneling x2  
  50  5:12  Zergling x2  
  43  5:24  Zergling x4  
Tags
 
Add a new tag
Caveats
  • Supply blocks, unpowered buildings, or Contaminate may cause inaccurate times.
  • Supply counts are checked every 10 seconds.